 Dungeon Crawl Stone Soup version 0.31-a0-496-g6f97920a28 (webtiles) character file.

Game seed: 15628976536386353647

3591 AstroCodex24 the Cudgeller (level 9, -4/68 HPs)
             Began as a Vampire Fighter on Aug 8, 2023.
             Was an Initiate of Ashenzari.
             Killed from afar by a gargoyle (17 damage)
             ... with a stone arrow
             ... on level 7 of the Dungeon.
             The game lasted 00:38:27 (6412 turns).

AstroCodex24 the Cudgeller (Vampire Fighter)        Turns: 6412, Time: 00:38:27

Health: -4/68      AC: 11    Str: 21    XL:     9   Next: 85%
Magic:  9/9        EV: 12    Int: 14    God:    Ashenzari [......]
Gold:   463        SH: 10    Dex: 14    Spells: 8/8 levels left

rFire   + + +        e - +6 demon whip (drain)
rCold   . . .        c - +0 buckler
rNeg    . . .        r - +3 ring mail "Jeor Rul" {rF++ Str+2 Int+4 Stlth+}
rPois   .            (helmet restricted)
rElec   .            m - +0 cloak
rCorr   .            y - +0 pair of gloves
SInv    +            (no boots)
Will    .....        s - amulet of reflection
Stlth   +++          b - ring of fire
HPRegen 0.51/turn    (no ring)
MPRegen 0.11/turn

%: reflection
@: brilliant, mesmerised, healing quickly
A: alive, fangs 3, see invisible, vampiric 2, horns 1, cold resistance 1
a: Exsanguinate, Renounce Religion, Curse Item


You were on level 7 of the Dungeon.
You worshipped Ashenzari.
Ashenzari was noncommittal.
You visited 2 branches of the dungeon, and saw 8 of its levels.
You also visited: Sewer.

You collected 1269 gold pieces.
You spent 806 gold pieces at shops.

Inventory:

Hand Weapons
 a - a +0 war axe
 e - a +6 demon whip of draining (weapon)
 h - a +2 spear of freezing
 D - a +2 spear of venom
 G - a +5 scimitar
Armour
 c - a +0 buckler (worn)
 m - a +0 cloak (worn)
 n - a +1 plate armour of cold resistance
 r - the +3 ring mail "Jeor Rul" (worn) {rF++ Str+2 Int+4 Stlth+}
   (You found it on level 4 of the Dungeon)

   Str:       It affects your strength (+2).
   Int:       It affects your intelligence (+4).
   rF:        It greatly protects you from fire.
   Stlth:     It makes you more stealthy.
 x - a +2 chain mail of cold resistance
 y - a +0 pair of gloves (worn)
Jewellery
 b - a ring of fire (left hand)
 s - an amulet of reflection (around neck)
Wands
 p - a wand of paralysis (13)
 A - a wand of roots (5)
 B - a wand of light (4)
 C - a wand of polymorph (13)
Scrolls
 i - 2 scrolls of immolation
 j - 3 scrolls of vulnerability
 F - a scroll of fear {unknown}
Potions
 d - a potion of might
 g - a potion of invisibility {unknown}
 k - 2 potions of brilliance
 l - a potion of mutation
 o - a potion of lignification
 q - 2 potions of attraction {unknown}
 t - a potion of resistance {unknown}
 u - a potion of heal wounds {unknown}
 w - a potion of magic {unknown}
 z - 2 potions of haste {unknown}
 E - a potion of berserk rage {unknown}


   Skills:
 + Level 5.5 Fighting
 + Level 2.2(5.9) Axes
 + Level 7.9(8.0) Maces & Flails
 + Level 4.8 Armour
 + Level 3.6 Dodging
 + Level 4.5 Stealth
 + Level 5.7 Shields
 + Level 0.8 Evocations


You had 8 spell levels left.
You didn't know any spells.
Your spell library contained the following spells:

 Spells                   Type           Power      Damage    Failure   Level
 Volatile Blastmotes      Fire/Tloc      0%         2d10      86%         3
 Fulminant Prism          Conj/Hex       0%         3d5       99%         4
 Iskenderun's Mystic Bla  Conj/Tloc      0%         2d3       99%         4


Dungeon Overview and Level Annotations

Branches:
Dungeon (7/15)             Temple (1/1) D:4           Sewer (visited)

Altars:
Ashenzari
Cheibriados
Dithmenos
Fedhas
Gozag
Hepliaklqana
Kikubaaqudgha
Makhleb
Qazlal
Ru
Sif Muna
Trog
Wu Jian
Xom

Shops:
D:1 [

Annotations:
D:7 Maggie


Innate Abilities, Weirdness & Mutations

Your natural rate of healing is accelerated.
You have razor-sharp teeth.
You have supernaturally acute eyesight. (SInv)
You are afflicted with vampirism and can become a bat while bloodless.
You have a pair of small horns on your head.
Your flesh is cold resistant. (rC+)


Message History

You whack Pikel!
You kill Pikel!
With Pikel's spell broken, his former minions thank you for their freedom.
The lemure departs this earthly plane. x3
The gargoyle hurls a stone arrow at you.
The stone arrow misses you. The gargoyle hits you with a +0 flail!
* * * LOW HITPOINT WARNING * * *
Things that are here:
a +1 whip of flaming; a +2 robe of fire resistance; the kobold corpse of Pikel Blink to where?
Press: ? - help, Q - select action, (/) - cycle Dir - move target
As you read the scroll of blinking, it crumbles to dust.
The gargoyle hurls a stone arrow at you.
You block stone arrow... and reflect it back!
The stone arrow hits the gargoyle!!
Maggie casts a spell.
Maggie attempts to bespell you! You resist with some effort.
Maggie zaps a wand.
You easily resist.
Aiming: Polymorph
Press: ? - help, Q - select action, (/) - cycle Shift-Dir - straight line
Okay, then.
Aiming: Paralyse
Press: ? - help, Q - select action, (/) - cycle Shift-Dir - straight line, f - gargoyle
Aim: a gargoyle, wielding a +0 flail (black smoke, almost destroyed, chance to affect: 33%)
The gargoyle easily resists.
Maggie casts a spell.
Maggie attempts to bespell you!
You are mesmerised by Maggie!
You hit the gargoyle but do no damage.
The gargoyle is almost destroyed.
You hit the gargoyle.
The gargoyle is almost destroyed.
The gargoyle closely misses you.
You hit the gargoyle but do no damage.
You bite the gargoyle, but do no damage.
The gargoyle is almost destroyed.
The gargoyle hurls a stone arrow at you.
The stone arrow hits you!
You die...

#.# #.# #.# ≈. #.≈# #.#
#.# ≈.### #.≈# #.# #.#
≈.... #.≈# ###.###.# ≈≈≈≈
#.○## #.♣..##.#
?.°######°○.#
#♣⌠.♣.#(#######§☼§@§§§○.#
#...........§§.§§○≈°§☼§.#
#.)♣♣..........@9.).....#
##....###################
######


You could see Maggie (mesmerising) and a gargoyle.

Vanquished Creatures
  Pikel (D:7)
  The ghost of MisterAzrael the Conjurer, a novice DECj (D:4)
  Duvessa (D:7)
  3 water moccasins
  A hornet zombie (D:7)
  4 black bears
  A phantom (D:6)
  Blork the orc (D:6)
  4 kobold brigands
  A bullfrog (D:6)
  A gnoll sergeant (D:6)
  2 necrophages (D:7)
  3 scorpions
  2 wights (D:7)
  Dowan (D:7)
  A howler monkey (D:6)
  A bullfrog zombie (D:7)
  A human zombie (D:7)
  3 hounds
  3 jellies
  An orc priest (D:7)
  3 iguanas (D:6)
  A sleepcap (D:5)
  Ijyb (D:5)
  4 orc wizards (D:6)
  3 killer bee zombies (D:7)
  2 howler monkey zombies (D:7)
  12 gnolls
  11 adders
  2 river rats (Sewer)
  A shadow imp (D:7)
  4 white imps
  An ufetubus (D:4)
  3 worms
  2 dart slugs
  8 orcs
  16 ball pythons
  6 bats
  11 endoplasms
  3 giant cockroaches
  9 goblins
  10 hobgoblins
  17 kobolds
  4 quokkas
  6 frilled lizards
  4 rats
181 creatures vanquished.

Vanquished Creatures (others)
  An orc wizard (D:6)
  A kobold (Sewer)
2 creatures vanquished.

Grand Total: 183 creatures vanquished

Notes
Turn   | Place    | Note
-------+----------+-------------------------------------------
     0 | D:1      | AstroCodex24 the Vampire Fighter began the quest for the
                  | Orb.
     0 | D:1      | Reached XP level 1. HP: 17/17 MP: 1/1
   100 | D:2      | Reached XP level 2. HP: 23/23 MP: 2/2
   555 | D:4      | Gained mutation: You are afflicted with vampirism and can
                  | become a bat while bloodless. [Vampire growth]
   555 | D:4      | Reached XP level 3. HP: 29/29 MP: 3/3
   624 | D:4      | Found a staircase to the Ecumenical Temple.
   639 | Temple   | Entered the Ecumenical Temple
   700 | Temple   | Became a worshipper of Ashenzari the Shackled
   734 | D:4      | Reached skill level 1 in Stealth
   734 | D:4      | Reached XP level 4. HP: 12/35 MP: 4/4
   734 | D:4      | Found a runed translucent door.
   741 | D:4      | Noticed MisterAzrael's ghost (novice DECj)
   846 | D:1      | Found Ruyteg's Antique Armour Boutique.
   891 | D:1      | Reached skill level 1 in Maces & Flails
  1752 | D:2      | Gained mutation: Your flesh is cold resistant. (rC+)
                  | [potion of mutation]
  1752 | D:2      | Gained mutation: You have a pair of small horns on your
                  | head. [potion of mutation]
  2545 | D:3      | Reached XP level 5. HP: 41/41 MP: 5/5
  2564 | D:3      | Reached skill level 2 in Maces & Flails
  2898 | D:4      | Identified the +3 ring mail "Jeor Rul" {rF++ Str+2 Int+4
                  | Stlth+}
  2956 | D:4      | Killed MisterAzrael's ghost
  2957 | D:4      | Reached skill level 3 in Maces & Flails
  2957 | D:4      | Reached skill level 1 in Dodging
  2957 | D:4      | Reached XP level 6. HP: 39/47 MP: 6/6
  3274 | D:4      | Identified a scroll of acquirement
  3275 | D:4      | Acquired 1043 gold pieces
  3408 | D:1      | Bought a glowing plate armour for 806 gold pieces
  3733 | D:4      | Found a sacrificial altar of Ru.
  3733 | D:4      | Found a stormy altar of Qazlal.
  3781 | D:5      | Entered Level 5 of the Dungeon
  3811 | D:5      | Noticed a water moccasin
  3825 | D:5      | Killed a water moccasin
  3826 | D:5      | Reached XP level 7. HP: 52/52 MP: 7/7
  3915 | D:5      | Found a glowing drain.
  3946 | Sewer    | Entered a sewer
  4007 | Sewer    | Reached skill level 4 in Maces & Flails
  4400 | D:5      | Reached XP level 8. HP: 60/60 MP: 8/8
  4714 | D:5      | Noticed Ijyb
  4714 | D:5      | Paralysed by Ijyb for 4 turns
  4723 | D:5      | Paralysed by Ijyb for 2 turns
  4730 | D:5      | Killed Ijyb
  4731 | D:5      | Reached skill level 5 in Maces & Flails
  5086 | D:6      | Noticed Blork the orc
  5101 | D:6      | Killed Blork the orc
  5273 | D:6      | Reached skill level 5 in Shields
  5332 | D:6      | Reached skill level 6 in Maces & Flails
  5424 | D:6      | Reached XP level 9. HP: 66/66 MP: 9/9
  6115 | D:7      | Noticed Dowan
  6116 | D:7      | Noticed Duvessa
  6134 | D:7      | Killed Duvessa
  6142 | D:7      | Killed Dowan
  6143 | D:7      | Reached skill level 5 in Fighting
  6218 | D:7      | Reached skill level 7 in Maces & Flails
  6254 | D:7      | Found an ancient bone altar of Kikubaaqudgha.
  6379 | D:7      | Noticed Maggie
  6383 | D:7      | Noticed Pikel
  6390 | D:7      | Noticed a gargoyle
  6405 | D:7      | Killed Pikel
  6412 | D:7      | Killed from afar by a gargoyle

Illustrated notes

Levels and vault maps discovered:
D:1:      dpeg_arrival_connections, layout_rooms, serial_shops, shop,
          minmay_tripent
D:2:      layout_basic, dk_vineyard_1
D:3:      minmay_octagon_keep, layout_loops_cross, uniq_crazy_yiuf_cottage
D:4:      layout_loops_corners, gammafunk_temple_overflow_wave,
          minmay_temple_entry_tees, ebering_ghost_sewer_d
D:5:      layout_loops_ring, portal_sewer_entry_f, uniq_ijyb
D:6:      layout_loops_corners, uniq_blork_the_orc
D:7:      layout_rooms, nicolae_overflow_squiral,
          lemuel_mausoleum_altar_kikubaaqudgha,
          mainiacjoe_overflow_cross_hatched, serial_demonic, serial_demonic_e,
          serial_demonic_c, serial_demonic_c, serial_demonic_e, uniq_maggie,
          uniq_duvessa, uniq_pikel
Temple:   compressed_dpeg_triangle_lava_temple

Skill      XL: |  1  2  3  4  5  6  7  8  9 |
---------------+----------------------------+-----
Axes           | 2 |  2.2
Fighting       | 3 4 5 |  5.5
Armour         | 3 4 |  4.8
Shields        | 3 4 5 |  5.7
Stealth        | 1 2 3 4 |  4.5
Maces & Flails | 1 3 4 6 7 |  7.9
Dodging        | 1 2 3 |  3.6
Evocations     | |  0.8

Action                     |  1- 3 |  4- 6 |  7- 9 || total
---------------------------+-------+-------+-------++-------
  Melee: War axe           |    39 |       |       ||    39
         Demon whip        |    21 |   127 |   299 ||   447
         Bite              |     2 |    10 |    26 ||    38
         Headbutt          |       |    10 |    58 ||    68
  Evoke: Wand              |       |       |     7 ||     7
    Use: Scroll            |       |    10 |     6 ||    16
         Potion            |       |     3 |     2 ||     5
   Stab: Sleeping          |       |     1 |     5 ||     6
         Paralysed         |       |       |     3 ||     3
         Invisible         |       |       |     2 ||     2
 Armour: Scale mail        |    29 |    61 |       ||    90
         Ring mail         |       |    14 |    94 ||   108
  Dodge: Dodged            |    26 |    83 |   104 ||   213
  Block: Buckler           |    17 |    41 |   128 ||   186
         Reflection        |       |       |     6 ||     6

Table legend: (Time is in decaauts)
 A = Elapsed time spent in this place.
 B = Non-inter-level travel time spent in this place.
 C = Inter-level travel time spent in this place.
 D = Time resting spent in this place.
 E = Time spent auto-exploring this place.
 F = Levels seen in this place.
 G = Mean time per level.
                   A        B        C        D        E       F      G
               +--------+--------+--------+--------+--------+-----+--------+
         Total |   6515 |   5859 |    656 |      0 |      0 |   9 |  723.9 |
       Dungeon |   5931 |   5275 |    656 |      0 |      0 |   7 |  847.3 |
        Temple |     72 |     72 |      0 |      0 |      0 |   1 |   72.0 |
         Sewer |    511 |    511 |      0 |      0 |      0 |   1 |  511.0 |
               +--------+--------+--------+--------+--------+-----+--------+

Top non-repeatable levels by time:
     D:4: 1154 daAuts
     D:2: 1133 daAuts
     D:6: 1080 daAuts
     D:5: 827 daAuts
     D:3: 821 daAuts
     D:1: 633 daAuts
   Sewer: 511 daAuts
     D:7: 281 daAuts
  Temple: 72 daAuts
